cohdb
Replays
Latest Replays
All Replays
Popular Replays
Top Player Replays
Match Explorer
How It Works
Community
CoH3 Stats
Reddit
Sign in to upload your games and track your stats! →
Sign in with Steam
Match 41524551
Unlisted
Match 41524551
Overview
Messages
Build Orders
End
Construct Infanterie Kompanie
Selects Luftwaffe Battlegroup
Kettenkrad Recon Vehicle
Selects Luftwaffe Pioneer Support
Fallschirmpioneer Squad Paradrop
Construct Infanterie Kompanie
Fallschirmpioneer Squad Paradrop
MG 42 Machine Gun Team
Medical Station
Fallschirmpioneer Squad Paradrop
Don Q Shot
WadoVice
0
0
Comments
sign in to comment!
No comments posted yet!